 Dungeon Sprint DCSS version 0.30.1-11-g7821555f0a (webtiles) character file.

Game seed: 6014739268638232871

42430 Heoruswealwe the Minotaur Porcupine (level 13, -1/148 HPs)
             Began as a Minotaur Fighter on Nov 27, 2023.
             Was an Initiate of Gozag.
             Killed from afar by a fire giant (54 damage)
             ... with a fireball
             ... in the Dungeon (Sprint IX: "|||||||||||||||||||||||||||||").
             The game lasted 00:46:08 (4249 turns).

Heoruswealwe the Minotaur Porcupine (MiFi)          Turns: 4249, Time: 00:46:09

Health: -1/148     AC: 34    Str: 31    XL:     13   Next: 85%
Magic:  12/12      EV: 15    Int:  5    God:    Gozag
Gold:   2124       SH:  2    Dex: 14    Spells: 12/12 levels left

rFire   . . .        b - +0 halberd (flame)
rCold   + . .        (shield currently unavailable)
rNeg    + . .        c - +2 plate armour of Pride {rElec Dex+3 Slay+3}
rPois   .            (helmet restricted)
rElec   +            h - +0 cloak
rCorr   .            f - +1 pair of gloves {Str+3}
SInv    .            e - +3 pair of mountain boots {steadfast, rC+}
Will    .....        (no amulet) Stlth
                     k - +3 ring of strength
HPRegen 0.44/turn    j - ring of the Octopus King {rN+ HP+2 AC+2 EV+2 SH+2}
MPRegen 0.13/turn

%: no teleportation
@: no status effects
A: horns 2, retaliatory headbutt
a: Renounce Religion, Potion Petition, Call Merchant, Bribe Branch


You were in the Dungeon.
You worshipped Gozag.
Gozag was most pleased with you.
You visited 1 branch You collected 12971 gold pieces.
You spent 5954 gold pieces at shops.
You paid 4893 gold pieces to Gozag.

Inventory:

Hand Weapons
 a - a +1 vampiric trident
 b - a +0 halberd of flaming (weapon)
Armour
 c - the +2 plate armour of Pride (worn) {rElec Dex+3 Slay+3}
   (You found it in the Dungeon)

   Dex:       It affects your dexterity (+3).
   Slay:      It affects your accuracy & damage with ranged weapons and melee
   (+3).
   rElec:     It insulates you from electricity.
 d - a +0 tower shield of poison resistance
 e - the +3 pair of mountain boots (worn) {steadfast, rC+}
   (You bought it in a shop in the Dungeon)

   Steadfast: It prevents involuntary movement, except for blinking,
   teleportation, or banishment.
   rC:        It protects you from cold.
 f - a +1 pair of gloves of strength (worn)
 h - a +0 cloak (worn)
 l - the +2 cloak of the Thief {*Fog Slay-2 SInv Stlth+}
   (You bought it in a shop in the Dungeon)

   *Fog:      It may release a thick cloud of smoke when the wearer is hurt.
   Slay:      It affects your accuracy & damage with ranged weapons and melee
   (-2).
   SInv:      It lets you see invisible.
   Stlth:     It makes you more stealthy.
 m - the +6 lightning scales {swift, rElec}
   (You bought it in a shop in the Dungeon)

   Swift:     It allows the wearer to cover ground more swiftly.
   rElec:     It insulates you from electricity.
Jewellery
 j - a ring of the Octopus King (right hand) {rN+ HP+2 AC+2 EV+2 SH+2}
   (You bought it in a shop in the Dungeon)

   [ring of positive energy]

   AC:        It affects your AC (+2).
   EV:        It affects your evasion (+2).
   rN:        It protects you from negative energy.
   HP:        It affects your health (+2).
   SH:        It affects your SH (+2).
 k - a +3 ring of strength (left hand)
Wands
 w - a wand of roots (10)
Scrolls
 p - 4 scrolls of enchant weapon
 q - 6 scrolls of identify
 t - 3 scrolls of enchant armour
 u - 6 scrolls of blinking
Potions
 g - a potion of haste
 o - 2 potions of mutation
 r - a potion of might


   Skills:
 + Level 22.4 Fighting
 O Level 27 Polearms
 + Level 22.3 Armour
 + Level 9.8 Dodging
 + Level 11.3 Shields
 + Level 8.1 Evocations


You had 12 spell levels left.
You didn't know any spells.
Your spell library was empty.

Dungeon Overview and Level Annotations

Branches:
Dungeon (1/1)

Altars:
Cheibriados
Dithmenos
Elyvilon
Fedhas
Gozag
Hepliaklqana
Kikubaaqudgha
Makhleb
Nemelex Xobeh
Okawaru
Qazlal
Ru
Sif Muna
Trog
Uskayaw
Vehumet
Wu Jian
Xom
Yredelemnul
Zin
The Shining One
Jiyva
Lugonu

Shops:
D *([[**(!=


Innate Abilities, Weirdness & Mutations

You have a pair of horns on your head.
You reflexively headbutt those who attack you in melee.


Message History

Your Evocations skill increases to level 8!
The fire giant points at you and mumbles some strange words.
The fireball explodes!
The fireball engulfs you!
* * * LOW HITPOINT WARNING * * *
The fireball engulfs the fire giant.
The fire giant resists.
Items here: )))) [[[[.
You impale the fire giant!! You burn the fire giant.
You headbutt the fire giant.
The fire giant is moderately wounded.
The fire giant completely misses you. You furiously retaliate!
You headbutt the fire giant.
You hit the fire giant but do no damage.
You headbutt the fire giant!
The fire giant is heavily wounded.
The fire giant hits you but does no damage.
You slice the fire giant!! You burn the fire giant.
You headbutt the fire giant!
You kill the fire giant!
You see here a human corpse.
You start resting.
A fire giant comes into view.
It is wielding a +1 great sword of flaming.
The fire giant shouts!
You block the fire giant's attack.
Items here: )))) [[[[.
You hit the fire giant. You headbutt the fire giant!
The fire giant is lightly wounded.
The fire giant hits you with a +1 great sword of flaming.
The fire giant burns you.
You slice the fire giant!! You burn the fire giant.
The fire giant is heavily wounded.
The fire giant points at you and mumbles some strange words.
The fireball explodes!
The fireball engulfs you!!
The fireball engulfs the fire giant!
The fire giant resists.
You hear a shout!
You barely miss the fire giant.
The fire giant is heavily wounded.
The fire giant gestures at you while chanting.
The fireball explodes!
The fireball engulfs you!!!
You die...
Your body crumbles into a pile of gold.

▓.▓.▓.▓.▓'▓.▓.▓.▓.▓.
▓.▓.▓.▓.▓.▓.▓.▓.▓.▓.
▓.▓.▓.▓.▓.▓.▓.▓.▓'▓.
▓Q▓.▓.▓.▓.▓.▓.▓.▓.▓.
▓Q▓.▓.▓.▓.▓.▓.▓.▓.▓.
▓C▓.▓.▓.▓.▓.▓.▓.▓.▓.
▓.▓.▓.▓.▓.▓.▓.▓.▓.▓.
▓.▓÷▓.▓.▓.▓.▓.▓.▓.▓.
▓.▓@▓.▓.▓.▓.▓.▓.▓.▓.
▓.C$▓...▓...▓...▓...
▓▓▓▓▓▓▓▓▓▓▓▓▓▓▓▓▓▓▓▓


You could see a fire giant.

Vanquished Creatures
  A tengu reaver (D)
  Kirke (D)
  3 fire giants (D)
  2 nagarajas (D)
  An emperor scorpion (D)
  A stone giant (D)
  A merfolk javelineer (D)
  2 fire dragons (D)
  An ice dragon (D)
  An entropy weaver (D)
  2 rakshasas (D)
  Erolcha (D)
  3 hydras (D)
  An anaconda (D)
  A death knight (D)
  A spriggan air mage (D)
  A centaur warrior (D)
  A catoblepas (D)
  A ghost crab (D)
  A merfolk aquamancer (D)
  A boulder beetle (D)
  Urug (D)
  A naga sharpshooter (D)
  A spriggan berserker (D)
  A salamander mystic (D)
  A pharaoh ant (D)
  A goliath frog (D)
  2 deep elf pyromancers (D)
  2 wolf spiders (D)
  5 manticores (D)
  9 orc sorcerers (D)
  4 orc knights (D)
  A will-o-the-wisp (D)
  A cyclops (D)
  A moth of wrath (D)
  A merfolk siren (D)
  A guardian serpent (D)
  2 naga magi (D)
  6 cane toads (D)
  A gargoyle (D)
  2 komodo dragons (D)
  3 tengu conjurers (D)
  An unseen horror (D)
  2 merfolk (D)
  A tarantella (D)
  A tyrant leech (D)
  A snapping turtle (D)
  A jumping spider (D)
  3 humans (D)
  A wyvern (D)
  3 hogs (D)
  A golden eye (shapeshifter) (D)
  A steam dragon (D)
  A redback (D)
  A yak (D)
  Eustachio (D)
  2 vampire mosquitoes (D)
  3 wargs (D)
  A naga (D)
  A hell hound (D)
  3 water moccasins (D)
  6 orc warriors (D)
  An ice beast (D)
  5 wolves (D)
  A centaur (D)
  3 bullfrogs (D)
  4 orc priests (D)
  A hound (D)
  A sleepcap (D)
  2 hell rats (D)
  11 orc wizards (D)
  An adder (D)
  A gnoll (D)
  5 orcs (D)
  A bat (D)
  2 giant cockroaches (D)
  A goblin (D)
  A ball python (D)
151 creatures vanquished.

Vanquished Creatures (others)
  A hydra (D)
  A spriggan druid (D)
  A goliath frog (D)
  A tyrant leech (D)
4 creatures vanquished.

Grand Total: 155 creatures vanquished

Notes
Turn   | Place    | Note
-------+----------+-------------------------------------------
     0 | D        | Heoruswealwe the Minotaur Fighter began the quest for the
                  | Orb.
     0 | D        | Reached XP level 1. HP: 19/19 MP: 0/0
    10 | D        | Reached skill level 3 in Polearms
    21 | D        | Noticed an ice beast
    21 | D        | Noticed a hound
    21 | D        | Noticed a sleepcap
    27 | D        | Killed a sleepcap
    28 | D        | Reached skill level 5 in Fighting
    28 | D        | Reached skill level 5 in Polearms
    28 | D        | Reached skill level 5 in Armour
    28 | D        | Reached XP level 2. HP: 23/29 MP: 1/1
    28 | D        | Reached XP level 3. HP: 28/36 MP: 2/2
    31 | D        | Reached skill level 6 in Polearms
    37 | D        | Reached skill level 7 in Polearms
    37 | D        | Reached XP level 4. HP: 34/44 MP: 3/3
    40 | D        | Killed an ice beast
    41 | D        | Reached skill level 9 in Polearms
    41 | D        | Reached XP level 5. HP: 42/52 MP: 4/4
    47 | D        | Found a snail-covered altar of Cheibriados.
    47 | D        | Found a shadowy altar of Dithmenos.
    47 | D        | Found a white marble altar of Elyvilon.
    47 | D        | Found a blossoming altar of Fedhas.
    47 | D        | Found an opulent altar of Gozag.
    48 | D        | Found a hazy altar of Hepliaklqana.
    49 | D        | Found a viscous altar of Jiyva.
    50 | D        | Found an ancient bone altar of Kikubaaqudgha.
    51 | D        | Found a corrupted altar of Lugonu.
    52 | D        | Found a burning altar of Makhleb.
    53 | D        | Found a sparkling altar of Nemelex Xobeh.
    54 | D        | Found an iron altar of Okawaru.
    55 | D        | Became a worshipper of Gozag Ym Sagoz the Greedy
    56 | D        | Found a stormy altar of Qazlal.
    57 | D        | Found a sacrificial altar of Ru.
    58 | D        | Found a shimmering blue altar of Sif Muna.
    59 | D        | Found a bloodstained altar of Trog.
    60 | D        | Found a hide-covered altar of Uskayaw.
    61 | D        | Found a radiant altar of Vehumet.
    62 | D        | Found an ornate altar of the Wu Jian Council.
    63 | D        | Found a shimmering altar of Xom.
    64 | D        | Found a basalt altar of Yredelemnul.
    65 | D        | Found a glowing silver altar of Zin.
    66 | D        | Found a glowing golden altar of the Shining One.
   131 | D        | Noticed a yak
   131 | D        | Noticed a steam dragon
   131 | D        | Noticed a komodo dragon
   131 | D        | Noticed a centaur
   138 | D        | Killed an unseen horror
   139 | D        | Reached skill level 12 in Polearms
   139 | D        | Reached XP level 6. HP: 52/63 MP: 5/5
   143 | D        | Reached XP level 7. HP: 60/71 MP: 6/6
   147 | D        | Killed a komodo dragon
   148 | D        | Reached skill level 10 in Fighting
   148 | D        | Reached skill level 14 in Polearms
   148 | D        | Reached skill level 10 in Armour
   152 | D        | Killed a steam dragon
   154 | D        | Killed a yak
   155 | D        | Reached XP level 8. HP: 66/82 MP: 7/7
   203 | D        | Noticed a deep elf pyromancer
   203 | D        | Noticed a manticore
   203 | D        | Noticed a catoblepas
   203 | D        | Noticed a centaur warrior
   203 | D        | Noticed a gargoyle
   206 | D        | Killed a gargoyle
   207 | D        | Reached skill level 15 in Polearms
   237 | D        | Killed a centaur warrior
   238 | D        | Reached skill level 16 in Polearms
   244 | D        | Killed a catoblepas
   245 | D        | Reached skill level 17 in Polearms
   245 | D        | Reached XP level 9. HP: 63/93 MP: 8/8
   253 | D        | Killed a manticore
   254 | D        | Reached skill level 18 in Polearms
   276 | D        | Killed a deep elf pyromancer
   536 | D        | Noticed a cane toad
   536 | D        | Noticed a cane toad
   536 | D        | Noticed a cane toad
   540 | D        | Killed a cane toad
   541 | D        | Reached skill level 19 in Polearms
   542 | D        | Noticed a cane toad
   546 | D        | Killed a cane toad
   555 | D        | Killed a cane toad
   556 | D        | Reached XP level 10. HP: 58/104 MP: 9/9
   569 | D        | Killed a cane toad
   570 | D        | Reached skill level 20 in Polearms
   720 | D        | Noticed a cane toad
   720 | D        | Noticed a five-headed hydra
   722 | D        | Noticed a cane toad
   731 | D        | Killed a 13-headed hydra
   732 | D        | Reached skill level 15 in Fighting
   732 | D        | Reached skill level 15 in Armour
   740 | D        | Killed a cane toad
   744 | D        | Killed a cane toad
   745 | D        | Reached skill level 21 in Polearms
   953 | D        | Noticed Eustachio
   971 | D        | Killed Eustachio
  1034 | D        | Noticed an orc sorcerer
  1042 | D        | Reached XP level 11. HP: 76/114 MP: 10/10
  1048 | D        | Killed an orc sorcerer
  1049 | D        | Reached skill level 22 in Polearms
  1149 | D        | Noticed an orc knight
  1149 | D        | Noticed an orc sorcerer
  1149 | D        | Noticed an orc knight
  1149 | D        | Noticed an orc knight
  1160 | D        | Killed an orc knight
  1172 | D        | Killed an orc knight
  1175 | D        | Killed an orc sorcerer
  1176 | D        | Noticed an orc knight
  1182 | D        | Killed an orc knight
  1198 | D        | Reached skill level 23 in Polearms
  1205 | D        | Killed an orc knight
  1443 | D        | Found Kyanud's Jewellery Boutique.
  1443 | D        | Noticed an orc sorcerer
  1443 | D        | Noticed an orc sorcerer
  1447 | D        | Killed an orc sorcerer
  1450 | D        | Noticed an orc sorcerer
  1452 | D        | Killed an orc sorcerer
  1459 | D        | Found Weadghud's Distillery.
  1459 | D        | Noticed an orc sorcerer
  1461 | D        | Killed an orc sorcerer
  1467 | D        | Found Xeca's Antique Weapon Boutique.
  1476 | D        | Killed an orc sorcerer
  1479 | D        | Found Taoduw's General Store.
  1479 | D        | Noticed an orc sorcerer
  1480 | D        | Noticed an orc sorcerer
  1481 | D        | Noticed an orc sorcerer
  1488 | D        | Killed an orc sorcerer
  1489 | D        | Reached skill level 24 in Polearms
  1491 | D        | Killed an orc sorcerer
  1498 | D        | Killed an orc sorcerer
  1595 | D        | Bought a potion of mutation for 104 gold pieces
  1595 | D        | Bought a scroll of identify for 26 gold pieces
  1595 | D        | Bought a scroll of torment for 123 gold pieces
  1595 | D        | Bought a scroll of identify for 26 gold pieces
  1599 | D        | Bought a potion of haste for 130 gold pieces
  1599 | D        | Bought a potion of brilliance for 52 gold pieces
  1599 | D        | Bought a potion of heal wounds for 65 gold pieces
  1599 | D        | Bought a potion of flight for 39 gold pieces
  1599 | D        | Bought a potion of lignification for 39 gold pieces
  1599 | D        | Bought a potion of ambrosia for 104 gold pieces
  1622 | D        | Bought a scroll of identify for 22 gold pieces
  1622 | D        | Bought a potion of curing for 33 gold pieces
  1622 | D        | Bought a ring of the Octopus King {rN+ HP+2 AC+2 EV+2 SH+2}
                  | for 620 gold pieces
  1622 | D        | Found the ring of the Octopus King {rN+ HP+2 AC+2 EV+2
                  | SH+2}
  1622 | D        | Bought the dreamshard necklace {*Dream Drain} for 2200 gold
                  | pieces
  1622 | D        | Found the dreamshard necklace {*Dream Drain}
  1622 | D        | Bought a scroll of poison for 44 gold pieces
  1625 | D        | Bought the +6 lightning scales {swift, rElec} for 938 gold
                  | pieces
  1625 | D        | Found the +6 lightning scales {swift, rElec}
  1625 | D        | Bought the +2 cloak of the Thief {*Fog Slay-2 SInv Stlth+}
                  | for 281 gold pieces
  1625 | D        | Found the +2 cloak of the Thief {*Fog Slay-2 SInv Stlth+}
  1625 | D        | Bought a +0 tower shield of poison resistance for 119 gold
                  | pieces
  1752 | D        | Noticed Urug
  1758 | D        | Killed Urug
  1887 | D        | Got the +2 plate armour of Pride {rElec Dex+3 Slay+3}
  1935 | D        | Noticed a death knight
  1935 | D        | Noticed a five-headed hydra
  1935 | D        | Noticed a boulder beetle
  1935 | D        | Noticed an eight-headed hydra
  1939 | D        | Killed an 11-headed hydra
  1940 | D        | Noticed a deep elf pyromancer
  1948 | D        | Noticed a rakshasa
  1949 | D        | Killed a boulder beetle
  1950 | D        | Reached XP level 12. HP: 128/128 MP: 11/11
  1952 | D        | Killed a seven-headed hydra
  1953 | D        | Reached skill level 25 in Polearms
  1992 | D        | Noticed a fire dragon
  2003 | D        | Killed a death knight
  2010 | D        | Noticed a fire dragon
  2014 | D        | Killed a rakshasa
  2017 | D        | Noticed a fire giant
  2022 | D        | Killed a fire dragon
  2026 | D        | Reached skill level 26 in Polearms
  2031 | D        | Noticed an ice dragon
  2032 | D        | Killed a fire dragon
  2042 | D        | Killed a fire giant
  2051 | D        | Killed an ice dragon
  2348 | D        | Bought the +3 pair of mountain boots {steadfast, rC+} for
                  | 335 gold pieces
  2348 | D        | Found the +3 pair of mountain boots {steadfast, rC+}
  2348 | D        | Bought a +1 pair of gloves of strength for 165 gold pieces
  2379 | D        | Noticed Erolcha
  2385 | D        | Killed Erolcha
  2464 | D        | Noticed a merfolk aquamancer
  2470 | D        | Killed a merfolk aquamancer
  2471 | D        | Noticed a merfolk javelineer
  2479 | D        | Reached skill level 27 in Polearms
  2486 | D        | Reached skill level 1 in Dodging
  2492 | D        | Reached skill level 1 in Evocations
  2505 | D        | Killed a merfolk javelineer
  2506 | D        | Reached skill level 5 in Shields
  2695 | D        | Noticed a nagaraja
  2695 | D        | Noticed an anaconda
  2701 | D        | Noticed a nagaraja
  2715 | D        | Killed an anaconda
  2716 | D        | Reached XP level 13. HP: 51/141 MP: 12/12
  2726 | D        | Killed a nagaraja
  2735 | D        | Reached skill level 5 in Dodging
  2740 | D        | Killed a nagaraja
  3094 | D        | Noticed an emperor scorpion
  3098 | D        | Reached skill level 5 in Evocations
  3221 | D        | Killed an emperor scorpion
  3601 | D        | Bought a +1 vampiric trident for 262 gold pieces
  3613 | D        | Bought a scroll of immolation for 52 gold pieces
  3613 | D        | Bought a scroll of identify for 26 gold pieces
  3613 | D        | Bought a scroll of enchant armour for 97 gold pieces
  3613 | D        | Bought a scroll of vulnerability for 52 gold pieces
  3687 | D        | Noticed Kirke
  3693 | D        | Noticed a sphinx
  3707 | D        | Killed Kirke
  4023 | D        | Noticed a tengu reaver
  4023 | D        | Noticed a fire giant
  4049 | D        | Killed a fire giant
  4050 | D        | Reached skill level 10 in Shields
  4062 | D        | Killed a tengu reaver
  4107 | D        | Noticed a stone giant
  4111 | D        | Noticed a fire giant
  4113 | D        | Killed a stone giant
  4117 | D        | Killed a fire giant
  4245 | D        | Noticed a fire giant
  4249 | D        | Killed from afar by a fire giant

Illustrated notes

Levels and vault maps discovered:
D:        linesprint [early_d, line_temple, items_1, d_10, items_2, lair_1,
          lair_end, items_3, orc_1, orc_end, items_4, d_15, swamp_1, shoals_1,
          snake_1, spider_1, d_20, vaults_1, items_5, swamp_end, shoals_end,
          snake_end, spider_end, vaults_end, d_27, items_6, zot_1, zot_end,
          crypt_end, forest_end, elf_end, slime_end, tomb_end, abyss_end,
          pan_hell_end]

Skill      XL: |  1  2  3  4  5  6  7  8  9 10 11 12 13 |
---------------+----------------------------------------+-----
Polearms       | 5 7 9 12 14 17 19 21 24 27 | 27.0
Fighting       | 5 6 7 9 11 13 14 16 18 20 22 | 22.4
Armour         | 5 6 7 9 11 13 14 16 18 20 22 | 22.3
Dodging        | 4 9 |  9.8
Shields        | 6 11 | 11.3
Evocations     | 3 8 |  8.1

Action                     |  1- 3 |  4- 6 |  7- 9 | 10-12 | 13-15 || total
---------------------------+-------+-------+-------+-------+-------++-------
  Melee: Trident           |    25 |     4 |       |       |       ||    29
         Headbutt          |     4 |     2 |    13 |    76 |    30 ||   125
         Halberd           |       |    11 |    74 |   313 |   157 ||   555
 Invoke: Call Merchant     |       |       |       |     3 |     2 ||     5
    Use: Potion            |       |       |     1 |    12 |    11 ||    24
   Stab: Distracted        |       |     1 |       |     4 |     1 ||     6
         Petrified         |       |       |     4 |       |       ||     4
 Armour: Scale mail        |     9 |     2 |       |       |       ||    11
         Chain mail        |       |    11 |    38 |    55 |       ||   104
         Plate armour      |       |       |       |    90 |    88 ||   178
  Dodge: Dodged            |     6 |     3 |    17 |    68 |    89 ||   183
  Block: Buckler           |     5 |       |       |       |       ||     5
         Other             |       |       |       |     7 |     6 ||    13
